 Dungeon Crawl Stone Soup version 0.30.0-5-g1a98f26d00 (webtiles) character file.

Game seed: 17754125573452190416

1281 jasper the Covert (level 8, -8/40 HPs)
             Began as a Spriggan Berserker on May 11, 2023.
             Was a Believer of Trog.
             Mangled by a hornet zombie (9 damage)
             ... on level 6 of the Dungeon.
             The game lasted 00:06:31 (4767 turns).

jasper the Covert (Spriggan Berserker)              Turns: 4767, Time: 00:06:32

Health: -8/40      AC:  2    Str: 13    XL:     8   Next: 29%
Magic:  3/3        EV: 20    Int: 12    God:    Trog [**....]
Gold:   290        SH:  0    Dex: 22    Spells: 7/7 levels left

rFire   . . .        u - +3 rapier (antimagic)
rCold   . . .        (no shield)
rNeg    . . .        b - +0 animal skin
rPois   .            (helmet restricted)
rElec   +            (no cloak)
rCorr   +            (gloves unavailable)
SInv    +            (boots unavailable)
Will    +....        A - amulet "Xakhloig" {RegenMP rCorr Int+3}
Stlth   ++++++       h - ring "Rudek" {Contam rElec Dex+6 Stlth+}
HPRegen 0.26/turn    (no ring)
MPRegen 0.48/turn

%: no passive effects
@: on berserk cooldown, very quick
A: very small, no large weapons, unfitting armour, see invisible, speed 3
a: Renounce Religion, Berserk, Trog's Hand


You were on level 6 of the Dungeon.
You worshipped Trog.
Trog was pleased with you.
You visited 1 branch of the dungeon, and saw 6 of its levels.

You collected 290 gold pieces.

Inventory:

Hand Weapons
 a - a +0 short sword
 d - a +0 dagger
 u - a +3 antimagic rapier (weapon)
Missiles
 t - 24 poisoned darts (quivered)
Armour
 b - a +0 animal skin (worn)
Jewellery
 h - the ring "Rudek" (left hand) {Contam rElec Dex+6 Stlth+}
   (You found it on level 2 of the Dungeon)

   [ring of dexterity]

   Dex:       It affects your dexterity (+6).
   rElec:     It insulates you from electricity.
   Contam:    It causes magical contamination when unequipped.
   Stlth:     It makes you more stealthy.
 A - the amulet "Xakhloig" (around neck) {RegenMP rCorr Int+3}
   (You found it on level 6 of the Dungeon)

   [amulet of magic regeneration]

   It increases your rate of magic regeneration.
   Int:       It affects your intelligence (+3).
   rCorr:     It protects you from acid and corrosion.
 B - a ring of ice
Wands
 m - a wand of flame (27)
 r - a wand of light (6)
 x - a wand of paralysis (6)
Scrolls
 c - a scroll of torment {unknown}
 i - a scroll of vulnerability {unknown}
 n - 4 scrolls of identify {unknown}
 p - a scroll of silence {unknown}
 q - 3 scrolls of immolation {unknown}
 v - a scroll of poison {unknown}
 y - a scroll of brand weapon {unknown}
 z - a scroll of enchant armour {unknown}
Potions
 e - 6 potions of curing {unknown}
 f - 4 potions of invisibility {unknown}
 g - 3 potions of might {unknown}
 j - 3 potions of flight {unknown}
 k - 6 potions of attraction {unknown}
 l - 3 potions of heal wounds {unknown}
 o - a potion of haste {unknown}
 s - a potion of cancellation {unknown}
 w - a potion of degeneration {unknown}


   Skills:
 + Level 3.0 Fighting
 - Level 8.0 Short Blades
 + Level 1.9 Throwing
 + Level 4.9 Dodging
 * Level 9.4 Stealth
 + Level 2.5 Evocations


You had 7 spell levels left.
You didn't know any spells.
Your spell library was empty.

Dungeon Overview and Level Annotations

Branches:
Dungeon (6/15)
 Temple: D:4-7

Altars:
Hepliaklqana
Uskayaw

Shops:
D:3 [   D:4 :

Annotations:
D:3 2 transporters, Jessica; backslashecho's ghost, amateur DEAr


Innate Abilities, Weirdness & Mutations

You are very small and have problems with some larger weapons.
You are too small for most types of armour.
You have supernaturally acute eyesight. (SInv)
You cover ground extremely quickly. (Speed+++)


Message History

A hornet zombie comes into view.
The hornet zombie closely misses you.
The hornet zombie attacks as you move away!
The hornet zombie closely misses you.
You feel yourself speed up.
You hit the hornet zombie but do no damage.
The hornet zombie hits you!
You take 9 damage, and have 31/40 hp.
MASSIVE DAMAGE!!
You puncture the hornet zombie!
The hornet zombie is lightly damaged.
The hornet zombie closely misses you.
You hit the hornet zombie.
The hornet zombie is moderately damaged.
The hornet zombie misses you.
You hit the hornet zombie.
The hornet zombie is moderately damaged.
The hornet zombie misses you. The hornet zombie hits you!
You take 7 damage, and have 25/40 hp.
You hit the hornet zombie.
The hornet zombie is moderately damaged.
The hornet zombie hits you!
You take 7 damage, and have 18/40 hp.
You hit the hornet zombie.
The hornet zombie is heavily damaged.
The hornet zombie misses you.
You hit the hornet zombie.
The hornet zombie is heavily damaged.
The hornet zombie closely misses you.
You closely miss the hornet zombie.
The hornet zombie is heavily damaged.
The hornet zombie hits you.
You take 4 damage, and have 14/40 hp.
You hit the hornet zombie.
The hornet zombie is severely damaged.
The hornet zombie hits you!
* * * LOW HITPOINT WARNING * * *
You puncture the hornet zombie!
The hornet zombie is almost destroyed.
The hornet zombie hits you!
You die...

#.##.##.###'##
#.##.##.##...##
#.####.......#.....##
#......##.###)......#
#####...#.##.........#
#.......#############
##...#.## #........#
####.##.#####........##
#..........@ZZ.........
#.#####.#####........#
#.# ### #........# #.#
########## #.# #.# #.#
##.## #.# ########...##
#.# #...........# #.#
#.####)#...##


You could see 2 hornet zombies.

Vanquished Creatures
  Sigmund (D:3)
  Eustachio (D:5)
  A black bear (D:5)
  An ogre (D:4)
  A kobold brigand (D:5)
  A scorpion (D:5)
  4 wights (D:6)
  3 hounds
  3 orc priests
  3 iguanas (D:5)
  Natasha (twice) (D:3)
  An orc wizard (D:6)
  Robin (D:2)
  4 adders
  A white imp (D:6)
  4 worms
  3 dart slugs
  12 orcs
  4 ball pythons
  4 endoplasms
  3 giant cockroaches
  8 goblins
  9 hobgoblins
  8 jackals
  12 kobolds
  2 quokkas
  7 bats
  A frilled lizard (D:1)
  6 rats
  A spectral goblin (D:4)
112 creatures vanquished.

Notes
Turn   | Place    | Note
-------+----------+-------------------------------------------
     0 | D:1      | jasper the Spriggan Berserker began the quest for the Orb.
     0 | D:1      | Reached XP level 1. HP: 11/11 MP: 2/2
   160 | D:1      | Reached skill level 1 in Stealth
   265 | D:1      | Reached XP level 2. HP: 16/16 MP: 3/3
   267 | D:1      | Reached skill level 2 in Stealth
   704 | D:1      | Reached skill level 3 in Stealth
   704 | D:1      | Reached XP level 3. HP: 19/19 MP: 4/4
   759 | D:1      | Found a faded altar of an unknown god.
  1081 | D:2      | Identified the ring "Rudek" {Contam rElec Dex+6 Stlth+}
  1112 | D:2      | Reached ** piety under Trog
  1294 | D:2      | Noticed Robin
  1332 | D:2      | Killed Robin
  1333 | D:2      | Reached skill level 4 in Stealth
  1337 | D:2      | Reached XP level 4. HP: 8/23 MP: 5/5
  2262 | D:3      | Found Saogg's Armour Emporium.
  2281 | D:3      | Noticed Sigmund
  2288 | D:3      | Killed Sigmund
  2289 | D:3      | Reached skill level 5 in Stealth
  2289 | D:3      | Reached XP level 5. HP: 27/27 MP: 6/6
  2321 | D:3      | Found a transporter.
  2363 | D:3      | Noticed backslashecho's ghost (amateur DEAr)
  2371 | D:3      | Reached XP level 6. HP: 32/32 MP: 7/7
  2496 | D:3      | Found a transporter.
  2548 | D:3      | Noticed Natasha
  2561 | D:3      | Reached skill level 6 in Stealth
  2563 | D:3      | Killed Natasha
  2714 | D:3      | Noticed Jessica
  2716 | D:3      | Noticed Natasha
  2723 | D:3      | Killed Natasha
  3135 | D:4      | Reached skill level 7 in Stealth
  3135 | D:4      | Reached XP level 7. HP: 35/35 MP: 8/8
  3170 | D:4      | Found Voufuv's Tremendous Tomes.
  3287 | D:4      | Found a hazy altar of Hepliaklqana.
  3440 | D:4      | Found a hide-covered altar of Uskayaw.
  3575 | D:5      | Entered Level 5 of the Dungeon
  3938 | D:5      | Noticed Eustachio
  3955 | D:5      | Killed Eustachio
  4123 | D:5      | Reached skill level 8 in Stealth
  4427 | D:5      | Reached skill level 1 in Evocations
  4524 | D:5      | Reached skill level 1 in Throwing
  4524 | D:5      | Reached XP level 8. HP: 39/39 MP: 3/9
  4593 | D:6      | Identified the amulet "Xakhloig" {RegenMP rCorr Int+3}
  4693 | D:6      | Reached skill level 9 in Stealth
  4766 | D:6      | HP: 1/40 [hornet zombie (13)]
  4767 | D:6      | Mangled by a hornet zombie

Illustrated notes

Levels and vault maps discovered:
D:1:      minmay_arrival_nine_rooms, layout_basic,
          dreamdust_ecumenical_altar_grove, minmay_tree_intersection
D:2:      layout_basic, uniq_robin
D:3:      layout_basic, mainiacjoe_overflow_small_starburst,
          mainiacjoe_overflow_six_doors_small, serial_shops, shop,
          gammafunk_ghost_stat_death, minmay_misc_feat_encased,
          kennysheep_generic_room_13, uniq_jessica, uniq_sigmund,
          uniq_crazy_yiuf_cottage, uniq_natasha
D:4:      layout_loops_ring, mainiacjoe_overflow_alcove_2,
          nicolae_hepliaklqana_monster_ancestors, nicolae_shop_i_like_big_books
D:5:      layout_basic, uniq_eustachio
D:6:      layout_loops_corners, lemuel_zombie_altar_yredelemnul,
          ebering_ghost_disaster_area, gup_sewer_entry_bubbles

Skill      XL: |  1  2  3  4  5  6  7  8 |
---------------+-------------------------+-----
Stealth        | 1 3 4 5 7 8 9 |  9.4
Short Blades   | 4 6 7 8 |  8.0
Evocations     | 1 2 |  2.5
Throwing       | 1 |  1.9
Fighting       | 3 |  3.0
Dodging        | |  4.9

Action                     |  1- 3 |  4- 6 |  7- 9 || total
---------------------------+-------+-------+-------++-------
  Melee: Dagger            |   143 |   118 |    35 ||   296
         Short sword       |     7 |       |       ||     7
         Punch             |       |     2 |       ||     2
         Rapier            |       |       |    60 ||    60
  Throw: Dart              |       |       |     4 ||     4
 Invoke: Berserk           |     3 |     6 |     3 ||    12
         Trog's Hand       |       |     1 |       ||     1
   Stab: Sleeping          |     6 |    13 |    11 ||    30
         Distracted        |       |       |     1 ||     1
 Armour: Animal skin       |    16 |     6 |     2 ||    24
  Dodge: Dodged            |   104 |    67 |    45 ||   216
